 Dungeon Crawl Stone Soup version 0.28-a0-664-gc179e30c89 (webtiles) character file.

Game seed: 4091013200061757321

2991 jasper the Carver (level 9, -4/72 HPs)
             Began as a Demonspawn Cinder Acolyte on Oct 16, 2021.
             Was a Priest of Ignis.
             Slain by a two-headed ogre (12 damage)
             ... on level 7 of the Dungeon.
             The game lasted 00:12:26 (7463 turns).

jasper the Carver (Demonspawn Cinder Acolyte)       Turns: 7463, Time: 00:12:27

Health: -4/72      AC: 15    Str: 17    XL:     9   Next: 54%
Magic:  10/10      EV:  9    Int: 15    God:    Ignis [***...]
Gold:   279        SH:  0    Dex: 10    Spells: 8/10 levels left

rFire   + . .      SeeInvis .   j - +4 club (spect)
rCold   + . .      Faith    .   (no shield)
rNeg    . . .      Spirit   .   d - +0 scale mail
rPois   .          Reflect  .   v - +2 helmet
rElec   .          Harm     .   (no cloak)
rCorr   .          Rampage  .   y - +0 pair of gloves
Will    +....                   x - +0 pair of boots
Stlth   ..........              (no amulet)
HPRegen 0.22/turn               h - ring of protection from cold
MPRegen 0.12/turn               i - ring of willpower

@: no status effects
A: thin metallic scales 1, foul stench 1, weakness stinger 2
a: Renounce Religion, Sea of Fire, Foxfire Swarm, Rising Flame


You were on level 7 of the Dungeon.
You worshipped Ignis.
Ignis was most pleased with you.
You visited 1 branch of the dungeon, and saw 7 of its levels.

You collected 413 gold pieces.
You spent 134 gold pieces at shops.

Inventory:

Hand Weapons
 a - a -1 short sword of flaming
 j - a +4 spectral club (weapon)
 l - a +4 short sword
 n - a +0 hand axe of electrocution
 s - a +2 dagger of freezing
 A - a +0 rapier
 K - a +0 long sword
Missiles
 e - 197 stones
 f - 22 poisoned darts
 g - 3 boomerangs (quivered)
 H - 3 javelins
Armour
 b - a +0 robe
 d - a +0 scale mail (worn)
 o - a +0 leather armour
 r - a +0 chain mail
 v - a +2 helmet (worn)
 x - a +0 pair of boots (worn)
 y - a +0 pair of gloves (worn)
 D - +0 steam dragon scales
 E - a +0 kite shield
Jewellery
 h - a ring of protection from cold (left hand)
 i - a ring of willpower (right hand)
 J - a ring of see invisible
Wands
 B - a wand of acid (1)
 I - a wand of polymorph (10)
Scrolls
 c - a scroll of amnesia
 q - 3 scrolls of teleportation
 z - a scroll of enchant armour
 C - 2 scrolls of identify
 G - a scroll of fog
Potions
 k - 2 potions of attraction
 m - 2 potions of flight
 p - a potion of heal wounds
 t - a potion of resistance
 u - 2 potions of curing
 w - 2 potions of might
 F - 2 potions of haste


   Skills:
 + Level 7.3 Fighting
 - Level 2.6(6.0) Short Blades
 * Level 8.5(8.7) Long Blades
 + Level 5.9 Armour
 - Level 1.0 Dodging
 - Level 1.0 Spellcasting
 - Level 2.6 Fire Magic


You had 8 spell levels left.
You knew the following spells:

 Your Spells              Type           Power      Damage    Failure   Level
a - Scorch                Fire           16%        2d6       36%         2

Your spell library contained the following spells:

 Spells                   Type           Power      Damage    Failure   Level
 Beastly Appendage        Tmut           0%         N/A       58%         1
 Wereblood                Tmut           0%         N/A       73%         2
 Spider Form              Tmut/Pois      0%         N/A       91%         3
 Blade Hands              Tmut           0%         N/A       100%        5
 Irradiate                Conj/Tmut      0%         3d14      100%        5
 Dragon Form              Tmut           0%         N/A       100%        7


Dungeon Overview and Level Annotations

Branches:
Dungeon (7/15)             Temple (0/1) D:4

Altars:
Dithmenos
Gozag
Kikubaaqudgha
Makhleb
Qazlal
Ru
Sif Muna
Xom
Zin
The Shining One

Shops:
D:4 :*   D:5 [

Annotations:
D:5 2 transporters, flotson's ghost, novice DsDe


Innate Abilities, Weirdness & Mutations

You are partially covered in thin metallic scales. (AC +2)
You may rarely emit foul miasma when damaged in melee.
You have a tail ending in a sharp stinger.


Message History

Aim: a steam dragon (59% to hit)
You throw a boomerang. The boomerang hits the steam dragon.
The steam dragon is lightly wounded.
A two-headed ogre comes into view.
It is wielding a +0 giant spiked club and a +0 giant club.
The two-headed ogre shouts in stereo!
You hit the steam dragon but do no damage.
The steam dragon is lightly wounded.
Your +4 spectral club hits the steam dragon.
The steam dragon bites you but does no damage.
The steam dragon claws you but does no damage.
The steam dragon barely misses you. x2
You hit the steam dragon but do no damage.
The steam dragon is moderately wounded.
Your +4 spectral club hits the steam dragon but does no damage.
You barely miss the two-headed ogre.
Your +4 spectral club hits the two-headed ogre!
The two-headed ogre barely misses you.
The two-headed ogre hits you with a +0 giant club!
You take 9 damage, and have 63/72 hp.
You hit the two-headed ogre.
The two-headed ogre is lightly wounded.
Your +4 spectral club hits the two-headed ogre!
The two-headed ogre hits you with a +0 giant spiked club.
The two-headed ogre hits you with a +0 giant club!
You take 19 damage, and have 44/72 hp.
MASSIVE DAMAGE!!
You hit the two-headed ogre.
The two-headed ogre is moderately wounded.
Your +4 spectral club hits the two-headed ogre!
Your +4 spectral club fades away.
The two-headed ogre hits you with a +0 giant spiked club!
The two-headed ogre barely misses you.
You take 9 damage, and have 35/72 hp.
You barely miss the two-headed ogre.
The two-headed ogre is severely wounded.
Your +4 spectral club completely misses the two-headed ogre.
The steam dragon barely misses you. The steam dragon claws you.
The two-headed ogre hits you with a +0 giant spiked club!!
* * * LOW HITPOINT WARNING * * *
The two-headed ogre hits you with a +0 giant club!
You die...

.# #### #. .# ############ ##..
). #.###>.......... .#.# .## #
####.......########
.#.##...#..##.#...####.#.#####
.......................>.....##
...##...#......(@..............#
##..##.##.###.#O#D####.......#.#
...............................#
#############...#############..#
# ♣♣.≈ .## # ♣≈≈≈ # # P≈♣P≈ #
♣≈P♣≈P # ≈♣ #.#


You could see a two-headed ogre, a steam dragon and a friendly +4 spectral club
(summoned).

Vanquished Creatures
  A komodo dragon (D:7)
  Eustachio (D:5)
  Sigmund (D:4)
  4 steam dragons
  2 sky beasts
  Duvessa (D:4)
  2 ice beasts
  A black bear (D:5)
  A necrophage (D:5)
  An orc warrior (D:7)
  An ogre (D:5)
  A phantom (D:5)
  Blork the orc (D:6)
  A gnoll sergeant (D:5)
  Dowan (D:4)
  6 centaur zombies
  A bullfrog zombie (D:5)
  3 hounds
  A jelly (D:7)
  A centaur skeleton (D:5)
  Jessica (D:2)
  An iguana (D:4)
  3 orc wizards
  A killer bee zombie (D:6)
  Robin (D:3)
  8 gnolls
  11 adders
  2 white imps
  2 ufetubi
  2 adder skeletons
  3 dart slugs
  15 orcs
  7 ball pythons
  8 bats
  5 endoplasms
  3 giant cockroaches (D:1)
  23 goblins
  9 hobgoblins
  4 jackals
  5 kobolds
  5 quokkas
  3 frilled lizards
  10 rats
  A foxfire (D:7)
165 creatures vanquished.

Vanquished Creatures (others)
  An orc (D:6)
  24 foxfires
  5 fungi (D:5)
  4 withered plants (D:6)
34 creatures vanquished.

Grand Total: 199 creatures vanquished

Notes
Turn   | Place    | Note
-------+----------+-------------------------------------------
     0 | D:1      | jasper the Demonspawn Cinder Acolyte began the quest for
                  | the Orb.
     0 | D:1      | Reached XP level 1. HP: 18/18 MP: 2/2
   146 | D:1      | Gained mutation: You have a small tail. [demonic ancestry]
   146 | D:1      | Reached XP level 2. HP: 23/24 MP: 3/3
   156 | D:1      | Learned a level 2 spell: Scorch
   282 | D:1      | Reached skill level 1 in Long Blades
   714 | D:1      | Reached XP level 3. HP: 29/29 MP: 4/4
   858 | D:1      | Reached skill level 1 in Armour
  1143 | D:2      | Reached skill level 1 in Dodging
  1318 | D:2      | Noticed Jessica
  1329 | D:2      | Killed Jessica
  1389 | D:1      | Reached skill level 2 in Long Blades
  1567 | D:2      | Reached XP level 4. HP: 35/35 MP: 5/5
  1900 | D:2      | HP: 1/37 [poisoned by an adder]
  2151 | D:2      | Reached XP level 5. HP: 33/42 MP: 6/6
  2453 | D:2      | Reached skill level 3 in Long Blades
  2708 | D:3      | Found a shadowy altar of Dithmenos.
  3299 | D:3      | Found a shimmering altar of Xom.
  3378 | D:3      | Found a shimmering blue altar of Sif Muna.
  3505 | D:4      | Noticed Robin
  3518 | D:3      | Killed Robin
  3653 | D:4      | Reached XP level 6. HP: 36/48 MP: 7/7
  3700 | D:4      | Noticed Sigmund
  3707 | D:4      | Noticed Duvessa
  3708 | D:4      | Killed Sigmund
  3708 | D:4      | Noticed Dowan
  3709 | D:4      | Reached skill level 4 in Long Blades
  3720 | D:4      | Killed Duvessa
  3721 | D:4      | Gained mutation: You may rarely emit foul miasma when
                  | damaged in melee. [demonic ancestry]
  3721 | D:4      | Reached XP level 7. HP: 43/55 MP: 8/8
  3729 | D:4      | Killed Dowan
  4011 | D:4      | Found Ityry's Book Shop.
  4188 | D:4      | Found Lonwydyi's Luxury Loot.
  4301 | D:4      | Found a staircase to the Ecumenical Temple.
  4668 | D:5      | Entered Level 5 of the Dungeon
  4702 | D:5      | Found Ryumm's Armour Shoppe.
  4711 | D:5      | Bought a +0 pair of boots for 67 gold pieces
  4711 | D:5      | Bought a +0 pair of gloves for 67 gold pieces
  4742 | D:5      | Reached skill level 5 in Fighting
  4770 | D:5      | Reached skill level 5 in Long Blades
  4893 | D:5      | Found an opulent altar of Gozag.
  4964 | D:5      | Noticed Eustachio
  4979 | D:5      | Killed Eustachio
  4980 | D:5      | Gained mutation: You are partially covered in thin metallic
                  | scales. (AC +2) [demonic ancestry]
  4980 | D:5      | Reached XP level 8. HP: 55/63 MP: 9/9
  5039 | D:5      | Reached skill level 6 in Long Blades
  5266 | D:5      | Noticed flotson's ghost (novice DsDe)
  5271 | D:5      | Found a transporter.
  5279 | D:5      | Found a transporter.
  5727 | D:6      | Reached skill level 7 in Long Blades
  5738 | D:6      | Reached skill level 5 in Armour
  5900 | D:6      | Noticed Blork the orc
  5909 | D:6      | Killed Blork the orc
  6035 | D:6      | Found a sacrificial altar of Ru.
  6057 | D:6      | Gained mutation: You have a tail ending in a sharp stinger.
                  | [demonic ancestry]
  6057 | D:6      | Reached XP level 9. HP: 70/71 MP: 10/10
  6258 | D:6      | Found an ancient bone altar of Kikubaaqudgha.
  6566 | D:6      | Found a burning altar of Makhleb.
  6771 | D:7      | Found a stormy altar of Qazlal.
  6952 | D:7      | Reached skill level 8 in Long Blades
  7285 | D:7      | Noticed a komodo dragon
  7304 | D:7      | Killed a komodo dragon
  7456 | D:7      | Noticed a two-headed ogre
  7463 | D:7      | Slain by a two-headed ogre

Illustrated notes

Levels and vault maps discovered:
D:1:      kennysheep_arrival_seaside, layout_loops_ring,
          shapermc_ecumenical_altar_petra
D:2:      layout_basic, uniq_jessica
D:3:      minmay_evil_eye, layout_loops_cross, lemuel_coloured_pillars_altar,
          general_overflow_altar, zin_scriptorium,
          nicolae_dithmenos_through_a_glass_darkly
D:4:      layout_loops_ring, tso_altar, temple_green, serial_shops,
          nicolae_shop_temple_entry_statues_fountains, nicolae_alphabet_shops,
          minmay_goblin_outpost, uniq_sigmund, uniq_duvessa, uniq_robin
D:5:      kennysheep_steamy, layout_rooms, nicolae_gozag_seed_capital,
          gammafunk_ghost_arena, serial_shops, nicolae_lakefront_shop,
          uniq_eustachio
D:6:      layout_basic, mainiacjoe_overflow_alcove_4, nicolae_ru_awakened_eye,
          kiku_gazebo_garden_becter, uniq_blork_the_orc
D:7:      nzn_winding_woodlands_medium [nzn_winding_woodlands_5x5_open_star,
          nzn_winding_woodlands_5x15_split_checker,
          nzn_winding_woodlands_hourglass, nzn_winding_woodlands_5x5_perimeter,
          nzn_winding_woodlands_center_diamonds,
          nzn_winding_woodlands_5x5_three,
          nzn_winding_woodlands_5x5_closed_star,
          nzn_winding_woodlands_5x15_lazy_stream,
          nzn_winding_woodlands_5x5_checkerboard], layout_loops_ring,
          grunt_qazlal_sundering, minmay_checkerbox, uniq_pikel

Skill      XL: |  1  2  3  4  5  6  7  8  9 |
---------------+----------------------------+-----
Long Blades    | 1 2 3 4 5 7 8 |  8.5
Armour         | 1 2 3 4 5 |  5.9
Dodging        | 1 |  1.0
Fighting       | 4 5 6 7 |  7.3
Short Blades   | |  2.6
Spellcasting   | |  1.0
Fire Magic     | |  2.6

Action                   |  1- 3 |  4- 6 |  7- 9 || total
-------------------------+-------+-------+-------++-------
Melee: Short sword       |    77 |     3 |       ||    80
       Tailslap          |     3 |     8 |    28 ||    39
       Club              |    11 |   111 |   207 ||   329
Throw: Boomerang         |    20 |     7 |    12 ||    39
       Dart              |       |     2 |       ||     2
 Cast: Scorch            |     2 |       |       ||     2
Invok: Foxfire Swarm     |     2 |     1 |     1 ||     4
       Rising Flame      |     1 |       |       ||     1
Evoke: Wand              |       |       |     2 ||     2
  Use: Potion            |     1 |     1 |     1 ||     3
       Scroll            |       |     5 |    10 ||    15
 Stab: Distracted        |       |     1 |     2 ||     3
Armor: Robe              |     9 |       |       ||     9
       Scale mail        |    25 |    61 |    93 ||   179
       Steam dragon scal |       |       |    40 ||    40
Dodge: Dodged            |    42 |    48 |   140 ||   230

Table legend: (Time is in decaauts)
 A = Elapsed time spent in this place.
 B = Non-inter-level travel time spent in this place.
 C = Inter-level travel time spent in this place.
 D = Time resting spent in this place.
 E = Time spent auto-exploring this place.
 F = Levels seen in this place.
 G = Mean time per level.
                   A        B        C        D        E       F      G
               +--------+--------+--------+--------+--------+-----+--------+
         Total |   7592 |   7280 |    312 |   1368 |   4405 |   7 | 1084.6 |
       Dungeon |   7592 |   7280 |    312 |   1368 |   4405 |   7 | 1084.6 |
               +--------+--------+--------+--------+--------+-----+--------+

Top non-repeatable levels by time:
     D:1: 1275 daAuts
     D:2: 1221 daAuts
     D:4: 1181 daAuts
     D:6: 1106 daAuts
     D:3: 1048 daAuts
     D:5: 1046 daAuts
     D:7: 711 daAuts
